[Event "Titled Tuesday Blitz January 31 Late 2023"]
[White "Milikow, Yoav"]
[Black "Bortnyk, Olexandr"]
[WhiteFideId "2822237"]
[BlackFideId "14120828"]
[WhiteElo "2394"]
[BlackElo "2605"]
[Result "1-0"]
[Round "03"]
[TimeControl "180+2"]
[Date "2023.01.31"]
[WhiteClock "0:00:09"]
[BlackClock "0:00:03"]

1. d4 d6 2. c4 e5 3. d5 a5 4. e4 Na6 5. Be3 Be7 6. Nf3 f5 7. exf5 Bxf5 8. Nc3 Nf6 9. Nh4 Bd7 10. Be2 O-O 11. Nf3 Ng4 12. Bc1 Nc5 13. O-O Qe8 14. h3 Nf6 15. Be3 b6 16. Kh1 Qh5 17. Nd4 Qh4 18. Nf3 Qh5 19. Nd4 Qg6 20. Nc6 Rae8 21. Nb5 Bd8 22. b3 Nce4 23. Nxd8 Rxd8 24. Nxc7 Nc3 25. Qe1 Nxe2 26. Qxe2 Ne4 27. Bxb6 Rf4 28. Ne6 Rh4 29. Bxd8 Rh5 30. Kh2 h6 31. Rae1 Nc3 32. Qe3 Nxa2 33. f4 Nb4 34. Qg3 Qxg3+ 35. Kxg3 Nd3 36. Ra1 e4 37. f5 e3 38. Rae1 Nxe1 39. Rxe1 Rxf5 40. Rxe3 Rf1 41. Bxa5 Rb1 42. Bc7 g5 43. Bxd6 Kf7 44. Bc5 Kf6 45. Rf3+ Ke5 46. Bd4+ Ke4 47. Nc5+ Kxd4 48. Nxd7 h5 49. Nf6 h4+ 50. Kh2 Ke5 51. Ng4+ Kd6 52. Rd3 Rb2 53. Nh6 Rc2 54. Nf7+ Ke7 55. Nxg5 Kf6 56. Nf3 Kf5 57. d6 Ke4 58. Rd4+ Ke3 59. Rxh4 Kf2 60. d7 Kf1 61. Rg4 Rxg2+ 62. Kh1 Re2 63. Nh2+ Kf2 64. Rg2+ Ke3 65. Rxe2+ Kf4 66. d8=Q Kg3 67. Qg5+ 1-0


[Site "https://www.chess.com"]

[Event "Titled Tuesday Blitz January 31 Late 2023"]
[White "Manukyan, Sargis A."]
[Black "Abdrlauf, Elham"]
[WhiteFideId "13303970"]
[BlackFideId "1533533"]
[WhiteElo "2158"]
[BlackElo "2518"]
[Result "0-1"]
[Round "03"]
[TimeControl "180+2"]
[Date "2023.01.31"]
[WhiteClock "0:01:13"]
[BlackClock "0:01:32"]

1. d4 Nf6 2. c4 c5 3. d5 e6 4. Nc3 exd5 5. cxd5 d6 6. Nf3 g6 7. h3 Bg7 8. Bf4 O-O 9. e3 Re8 10. Be2 Nbd7 11. O-O Nb6 12. a4 Ne4 13. a5 Nxc3 14. bxc3 Nd7 15. Bxd6 Nf6 16. Bxc5 Nxd5 17. Bd4 Nxc3 18. Qc2 Nxe2+ 19. Qxe2 Bxd4 20. Rad1 Qxa5 21. Rxd4 b6 22. Rfd1 Bb7 23. Rd7 Bc6 24. Rc7 Rac8 25. Rxc8 Rxc8 26. Nd4 Bb7 27. h4 Qe5 28. Qa2 a5 29. Rb1 Bd5 30. Qb2 Qf6 31. h5 gxh5 32. Qxb6 Rc1+ 33. Rxc1 Qxb6 34. Nf5 Be6 0-1


[Site "https://www.chess.com"]

[Event "Titled Tuesday Blitz January 31 Late 2023"]
[White "Lenderman, Aleksandr"]
[Black "Rostomyan, Mikayel"]
[WhiteFideId "2021285"]
[BlackFideId "13313754"]
[WhiteElo "2572"]
[BlackElo "2222"]
[Result "1-0"]
[Round "03"]
[TimeControl "180+2"]
[Date "2023.01.31"]
[WhiteClock "0:01:09"]
[BlackClock "0:00:04"]

1. Nf3 d5 2. e3 Bf5 3. c4 e6 4. Qb3 Nc6 5. cxd5 exd5 6. Qxb7 Bd7 7. Qb3 Nf6 8. Nc3 Rb8 9. Qd1 Bd6 10. d4 O-O 11. Be2 Ne7 12. O-O Ng6 13. b3 c6 14. Bb2 Ne4 15. Nxe4 dxe4 16. Nd2 Re8 17. Nc4 Bc7 18. d5 cxd5 19. Qxd5 Rb5 20. Qd4 Ne5 21. Nd6 Bxd6 22. Qxd6 Rb6 23. Qd5 Qg5 24. Bxe5 Bc6 25. Qd4 Qxe5 26. Qxe5 Rxe5 27. Rfd1 g6 28. Rac1 Bb5 29. Bxb5 Rbxb5 30. Rd4 Rbc5 31. Rxc5 Rxc5 32. g3 Re5 33. b4 a5 34. bxa5 Rxa5 35. a4 f5 36. Kf1 Rc5 37. Rd1 Kf7 38. Ra1 Ra5 39. Kg2 Ke6 40. h3 Kd5 41. g4 Ke5 42. Kg3 g5 43. gxf5 Kxf5 44. Ra2 h6 45. Ra1 h5 46. h4 Kg6 47. hxg5 Kxg5 48. Kh3 Kh6 49. Kh4 Kg6 50. Rg1+ Kh6 51. Rd1 Rxa4 52. Rd6+ Kg7 53. Rd5 Kg6 54. Rg5+ Kf6 55. Kxh5 Ra2 56. Rg2 Kf5 57. Rg8 Ke5 58. Rf8 Ra4 59. Kg5 Ra7 60. Rf5+ Ke6 61. Kf4 Ra4 62. Re5+ Kf6 63. Rxe4 Ra2 64. f3 Rh2 65. Kg3 Rh1 66. Rg4 Ra1 67. Kf4 Ra4+ 68. e4 Ra3 69. Rh4 Kg6 70. Rh1 Ra4 71. Rb1 Kf6 72. Rb6+ Kf7 73. Kf5 Ra3 74. f4 Ra4 75. Rb7+ Kf8 76. e5 Rb4 77. Rxb4 1-0


[Site "https://www.chess.com"]

[Event "Titled Tuesday Blitz January 31 Late 2023"]
[White "Yoo, Christopher Woojin"]
[Black "Kavutskiy, Konstantin"]
[WhiteFideId "30909694"]
[BlackFideId "2026384"]
[WhiteElo "2607"]
[BlackElo "2414"]
[Result "1-0"]
[Round "03"]
[TimeControl "180+2"]
[Date "2023.01.31"]
[WhiteClock "0:00:18"]
[BlackClock "0:01:10"]

1. e4 Nc6 2. Nf3 d6 3. d4 Nf6 4. Nc3 g6 5. d5 Nb8 6. Be2 Bg7 7. O-O O-O 8. Be3 Bg4 9. Nd2 Bxe2 10. Qxe2 c6 11. Rfe1 Nbd7 12. dxc6 bxc6 13. Nb3 Nb6 14. a4 Qc7 15. a5 Nbd7 16. f4 Rab8 17. Red1 Rb4 18. Rd4 Rfb8 19. Ra4 c5 20. Rdxb4 cxb4 21. Nb5 Qb7 22. Nxa7 Qxe4 23. Qd3 Qe6 24. Nc6 Rc8 25. a6 Nd5 26. a7 Nxe3 27. a8=Q Rxa8 28. Rxa8+ Nf8 29. Nbd4 Bxd4 30. Nxd4 Qd5 31. Rxf8+ Kxf8 32. Qxe3 e5 33. fxe5 dxe5 34. Nf3 Qd1+ 35. Qe1 Qxc2 36. Qxb4+ Kg7 37. Qc3 Qd1+ 38. Qe1 Qxe1+ 39. Nxe1 Kf6 40. b4 Ke6 41. Kf2 Kd5 42. b5 1-0


[Site "https://www.chess.com"]

[Event "Titled Tuesday Blitz January 31 Late 2023"]
[White "Suder, Jakub"]
[Black "Hansen, Eric"]
[WhiteFideId "1195310"]
[BlackFideId "2606771"]
[WhiteElo "2244"]
[BlackElo "2609"]
[Result "0-1"]
[Round "03"]
[TimeControl "180+2"]
[Date "2023.01.31"]
[WhiteClock "0:01:05"]
[BlackClock "0:00:53"]

1. d4 Nf6 2. c4 e6 3. Nf3 Bb4+ 4. Bd2 Be7 5. Bg5 h6 6. Bxf6 Bxf6 7. Nc3 d6 8. e3 Nc6 9. Bd3 O-O 10. O-O g6 11. a3 Bg7 12. b4 e5 13. Be4 exd4 14. exd4 Bg4 15. Bxc6 bxc6 16. Rc1 a5 17. h3 axb4 18. hxg4 bxc3 19. Rxc3 Qd7 20. g5 h5 21. a4 Ra5 22. Ra3 Rfa8 23. Qc2 Qg4 24. Re1 h4 25. Re4 Qf5 26. Nxh4 Qxg5 27. Nf3 Qf5 28. Nh4 Qd7 29. Rae3 Rxa4 30. Re7 Ra1+ 31. Kh2 Qg4 32. g3 R8a2 33. Re8+ Kh7 34. Qe4 Rxf2+ 35. Ng2 Qh5+ 36. Qh4 Raa2 0-1


[Site "https://www.chess.com"]

[Event "Titled Tuesday Blitz January 31 Late 2023"]
[White "Musovic, Armin"]
[Black "Baskakov, Egor"]
[WhiteFideId "939935"]
[BlackFideId "24197866"]
[WhiteElo "2261"]
[BlackElo "2215"]
[Result "1-0"]
[Round "03"]
[TimeControl "180+2"]
[Date "2023.01.31"]
[WhiteClock "0:01:16"]
[BlackClock "0:00:28"]

1. a3 e5 2. Nc3 d5 3. d4 e4 4. Bf4 c6 5. f3 f5 6. Qd2 Nf6 7. Nh3 Bd6 8. e3 O-O 9. Be2 Be6 10. O-O-O Qe7 11. Rhg1 Nbd7 12. Bxd6 Qxd6 13. Nf4 Bf7 14. fxe4 Nxe4 15. Nxe4 fxe4 16. g4 g5 17. Nh5 Bg6 18. h4 gxh4 19. Nf4 Rae8 20. Rdf1 Nb6 21. Qb4 Qxb4 22. axb4 Rf7 23. Rh1 Ref8 24. Rxh4 Nd7 25. Kd2 a6 26. Rfh1 Rxf4 27. exf4 Rxf4 28. Ke3 Rf8 29. Rf1 Rxf1 30. Bxf1 Kf7 31. g5 Nf8 32. Bh3 Ke7 33. Rf4 Bf7 34. Bf5 Ng6 35. Bxg6 Bxg6 36. Rf6 Kd7 37. b3 Kc7 38. c4 Kd7 39. Kf4 Kc7 40. cxd5 cxd5 41. Ke5 e3 42. Rf1 Kc6 43. Rc1+ Kb5 44. Kxd5 Kxb4 45. Re1 Kxb3 46. Rxe3+ Kb4 47. Ke6 a5 48. d5 b5 49. d6 Be8 50. Rh3 a4 51. Rxh7 a3 52. Ra7 Kb3 53. g6 1-0


[Site "https://www.chess.com"]

[Event "Titled Tuesday Blitz January 31 Late 2023"]
[White "Skvortsov, Andrei"]
[Black "Kazakouski, Valery"]
[WhiteFideId "24108600"]
[BlackFideId "13507443"]
[WhiteElo "2313"]
[BlackElo "2539"]
[Result "0-1"]
[Round "03"]
[TimeControl "180+2"]
[Date "2023.01.31"]
[WhiteClock "0:00:12"]
[BlackClock "0:00:09"]

1. e4 c5 2. d4 cxd4 3. Qxd4 Nc6 4. Qd3 g6 5. Nc3 Bg7 6. Nf3 d6 7. Be2 Bg4 8. O-O Nf6 9. Nd5 O-O 10. c3 a6 11. Bg5 Bxf3 12. Qxf3 Nd7 13. Qe3 Re8 14. Rfd1 Rc8 15. a4 Nce5 16. Qa7 Rb8 17. Qe3 f6 18. Bf4 e6 19. Nb4 Qc7 20. Bg3 g5 21. h4 h6 22. hxg5 fxg5 23. Rd2 Nf7 24. Bh5 Nde5 25. Qe2 Red8 26. Rad1 Rd7 27. Nd3 Nc4 28. Rc2 Nfe5 29. Nxe5 Bxe5 30. Bg4 Re8 31. Bxe5 Nxe5 32. Bh5 Rf8 33. Rcd2 Qc5 34. Bg4 Rf6 35. Rd4 Kg7 36. Bh5 Rd8 37. Qe3 Qc7 38. Be2 Kg6 39. R4d2 h5 40. Qg3 h4 41. Qe3 Qe7 42. Qb6 Rdf8 43. Qxd6 Qxd6 44. Rxd6 g4 45. Bf1 Kg5 46. R6d2 h3 47. Rc1 Rh8 48. Rcd1 Rfh6 49. g3 Nf3+ 50. Kh1 Nxd2 51. Rxd2 Rf6 52. Kg1 Rhf8 53. Bc4 h2+ 54. Kh1 Rxf2 55. Rxf2 Rxf2 56. b3 e5 57. Bd5 b6 58. b4 a5 59. bxa5 bxa5 60. Bc4 Rc2 61. Bb5 Rxc3 62. Kxh2 Rb3 63. Kg2 Rb4 64. Bc6 Rc4 65. Bb5 Rxe4 66. Kf2 Rd4 67. Ke3 Kf6 68. Kf2 Ke7 69. Ke3 Kd6 70. Ke2 Kc5 71. Ke3 Kd5 72. Ke2 Rb4 73. Be8 Rb2+ 74. Ke3 Rb3+ 75. Kf2 Kd4 76. Bd7 e4 77. Bxg4 Rb2+ 78. Kf1 Ke3 79. Bh5 Ra2 80. Be8 Kf3 81. Bc6 Ra1# 0-1


[Site "https://www.chess.com"]

[Event "Titled Tuesday Blitz January 31 Late 2023"]
[White "Yurovskykh, Oleksandr"]
[Black "Kowalski, Igor"]
[WhiteFideId "14134020"]
[BlackFideId "1172468"]
[WhiteElo "2328"]
[BlackElo "2380"]
[Result "0-1"]
[Round "03"]
[TimeControl "180+2"]
[Date "2023.01.31"]
[WhiteClock "0:00:02"]
[BlackClock "0:00:16"]

1. d4 Nf6 2. Nf3 g6 3. Nbd2 d5 4. e3 Bg7 5. b4 O-O 6. Be2 a5 7. b5 c5 8. bxc6 Nxc6 9. a4 Bf5 10. c3 Ne4 11. Nxe4 Bxe4 12. O-O Rc8 13. Qb3 Qd7 14. Ba3 Rfd8 15. Ra2 e5 16. Rb2 exd4 17. cxd4 Rb8 18. Rc1 Re8 19. Nd2 Bxd4 20. Nxe4 Rxe4 21. exd4 Nxd4 22. Qd3 Qxa4 23. Bf1 Rbe8 24. Rd2 Nb3 25. Rc3 Nxd2 26. Qxd2 Re1 27. g3 Qb5 28. Rd3 Qb1 29. Kg2 Rxf1 30. Rxd5 Qe4+ 31. f3 Qc4 32. Rd8 Re1 33. Rxe8+ Rxe8 34. Kf2 Rc8 35. Qd6 Qa2+ 0-1


[Site "https://www.chess.com"]

[Event "Titled Tuesday Blitz January 31 Late 2023"]
[White "Filgueira, Hernan"]
[Black "Bernadskiy, Vitaliy"]
[WhiteFideId "101770"]
[BlackFideId "14100371"]
[WhiteElo "2283"]
[BlackElo "2592"]
[Result "0-1"]
[Round "03"]
[TimeControl "180+2"]
[Date "2023.01.31"]
[WhiteClock "0:00:12"]
[BlackClock "0:00:53"]

1. e4 c5 2. Nf3 Nc6 3. Bb5 g6 4. O-O Bg7 5. Re1 e5 6. c3 Nge7 7. a3 O-O 8. b4 cxb4 9. axb4 d5 10. d3 h6 11. Nbd2 Be6 12. Bb2 a6 13. Ba4 b5 14. Bb3 a5 15. bxa5 Rxa5 16. Bc2 Rxa1 17. Qxa1 dxe4 18. dxe4 Qb6 19. Bb3 Nd8 20. Ba3 Re8 21. Bc2 Nec6 22. Nb3 Nb7 23. Bb2 b4 24. Qa4 Rc8 25. cxb4 Qxb4 26. Bb1 Qxa4 27. Bc2 Bxb3 0-1


[Site "https://www.chess.com"]

[Event "Titled Tuesday Blitz January 31 Late 2023"]
[White "Kouskoutis, Georgios-Alexandros"]
[Black "Pulpan, Jakub"]
[WhiteFideId "4234049"]
[BlackFideId "302759"]
[WhiteElo "2295"]
[BlackElo "2427"]
[Result "0-1"]
[Round "03"]
[TimeControl "180+2"]
[Date "2023.01.31"]
[WhiteClock "0:00:01"]
[BlackClock "0:00:14"]

1. c4 a6 2. g3 b5 3. Bg2 Ra7 4. b3 Bb7 5. Nf3 Nf6 6. O-O g6 7. Bb2 Bg7 8. d4 O-O 9. Nbd2 d6 10. d5 c6 11. e4 Nbd7 12. Qc2 Qb8 13. Bd4 Ra8 14. Rfc1 Rc8 15. Qd1 e5 16. dxe6 fxe6 17. e5 dxe5 18. Bc3 Rd8 19. Qe2 c5 20. Ng5 Bxg2 21. Kxg2 Qb6 22. cxb5 axb5 23. a4 bxa4 24. bxa4 Qc6+ 25. Qf3 Nd5 26. Nde4 Rf8 27. Qd3 h6 28. Nf3 c4 29. Qc2 Rxf3 30. Kxf3 Nc5 0-1


[Site "https://www.chess.com"]

[Event "Titled Tuesday Blitz January 31 Late 2023"]
[White "Toncheva, Nadya"]
[Black "Caruana, Fabiano"]
[WhiteFideId "2924056"]
[BlackFideId "2020009"]
[WhiteElo "2295"]
[BlackElo "2764"]
[Result "0-1"]
[Round "03"]
[TimeControl "180+2"]
[Date "2023.01.31"]
[WhiteClock "0:00:05"]
[BlackClock "0:00:36"]

1. d4 Nf6 2. c4 Nc6 3. Nc3 e5 4. d5 Ne7 5. e4 Ng6 6. h4 h5 7. Bd3 Bc5 8. Na4 Bb4+ 9. Bd2 Bxd2+ 10. Qxd2 d6 11. Ne2 Bd7 12. Nac3 a5 13. O-O-O O-O 14. Kb1 a4 15. f3 a3 16. b3 Qe7 17. Rdg1 c6 18. Qg5 cxd5 19. exd5 b5 20. g4 bxc4 21. Bxc4 hxg4 22. h5 Nh7 23. Qxe7 Nxe7 24. fxg4 Ng5 25. Bd3 Ra5 26. Bc4 Nf3 27. Rg3 Nd2+ 28. Kc2 Nxc4 29. bxc4 Rc8 30. Kd3 f5 31. h6 fxg4 32. hxg7 Kxg7 33. Ne4 Bf5 34. Nc3 Rac5 35. Kd2 Rxc4 36. Nxd6 Rd4+ 37. Ke2 Rb8 38. Nxf5+ Nxf5 39. Rgg1 Rb2+ 40. Ke1 Ne3 41. Rg3 Rd3 42. Rhg1 Rxc3 0-1


[Site "https://www.chess.com"]

[Event "Titled Tuesday Blitz January 31 Late 2023"]
[White "Jobava, Baadur"]
[Black "TheKnightOfBosnia"]
[WhiteFideId "13601520"]
[WhiteElo "2578"]
[BlackElo "2502"]
[Result "1-0"]
[Round "03"]
[TimeControl "180+2"]
[Date "2023.01.31"]
[WhiteClock "0:01:53"]
[BlackClock "0:00:37"]

1. b3 a5 2. Bb2 a4 3. Nf3 axb3 4. axb3 Rxa1 5. Bxa1 Nf6 6. c4 d6 7. Bxf6 gxf6 8. d4 c6 9. e3 Qa5+ 10. Qd2 Qxd2+ 11. Kxd2 Bg7 12. Nc3 O-O 13. Bd3 Na6 14. Ra1 Bd7 15. Ne1 f5 16. g3 c5 17. Nc2 e6 18. f4 Bc6 19. Rb1 Nb4 20. Nxb4 cxb4 21. Na2 Ra8 22. Nxb4 Bd7 23. Nc2 b5 24. cxb5 Rb8 25. b4 d5 26. Ra1 Bxb5 27. Bxb5 Rxb5 28. Ra8+ Bf8 29. Kc3 Kg7 30. Kb3 Rb7 31. Ra5 Be7 32. Ka4 Rc7 33. Rc5 Bxc5 34. dxc5 Kf6 35. Kb5 Ke7 36. Kb6 Kd7 37. Nd4 Rc8 38. c6+ Kd8 39. b5 Rb8+ 40. Kc5 Ra8 41. b6 Ra2 42. Nb5 Kc8 43. Nd6+ 1-0


[Site "https://www.chess.com"]

[Event "Titled Tuesday Blitz January 31 Late 2023"]
[White "Martinez Alcantara, Jose Eduardo"]
[Black "Mendez Fortes, Eduardo Jesus"]
[WhiteFideId "3805662"]
[BlackFideId "3502376"]
[WhiteElo "2619"]
[BlackElo "2250"]
[Result "1-0"]
[Round "03"]
[TimeControl "180+2"]
[Date "2023.01.31"]
[WhiteClock "0:01:33"]
[BlackClock "0:00:50"]

1. e4 e5 2. Nf3 Nc6 3. Nc3 Nf6 4. h3 d5 5. exd5 Nxd5 6. Bb5 Nxc3 7. bxc3 Bd6 8. d4 exd4 9. cxd4 O-O 10. O-O Ne7 11. Bd3 Ng6 12. c4 c6 13. Re1 h6 14. Rb1 Qf6 15. Bb2 Nf4 16. d5 Qd8 17. Be4 cxd5 18. cxd5 f5 19. Bc2 Bd7 20. Qd2 Ng6 21. Qd4 Rf7 22. Rbd1 Rc8 23. Bb3 a5 24. Re6 Rf6 25. Rxd6 1-0


[Site "https://www.chess.com"]

[Event "Titled Tuesday Blitz January 31 Late 2023"]
[White "Bluebaum, Matthias"]
[Black "Schekachikhin, Maksim"]
[WhiteFideId "24651516"]
[BlackFideId "24177830"]
[WhiteElo "2669"]
[BlackElo "2371"]
[Result "1-0"]
[Round "03"]
[TimeControl "180+2"]
[Date "2023.01.31"]
[WhiteClock "0:02:01"]
[BlackClock "0:01:59"]

1. d4 d5 2. c4 e6 3. Nc3 Bb4 4. e3 Nf6 5. Bd2 O-O 6. Nf3 b6 7. cxd5 exd5 8. Rc1 Bb7 9. Bd3 Re8 10. Ne5 a6 11. O-O Bd6 12. f4 c5 13. Be1 Nc6 14. Bh4 cxd4 15. exd4 Be7 16. Bxf6 Bxf6 17. Bxh7+ Kxh7 18. Qh5+ Kg8 19. Qxf7+ Kh7 20. Qxb7 Nxd4 21. Rcd1 Bxe5 22. fxe5 Ne6 23. Nxd5 1-0


[Site "https://www.chess.com"]

[Event "Titled Tuesday Blitz January 31 Late 2023"]
[White "Makhnev, Denis"]
[Black "Goldin, Alexander"]
[WhiteFideId "13707647"]
[BlackFideId "2019540"]
[WhiteElo "2483"]
[BlackElo "2542"]
[Result "1-0"]
[Round "03"]
[TimeControl "180+2"]
[Date "2023.01.31"]
[WhiteClock "0:00:01"]
[BlackClock "0:00:06"]

1. d4 Nf6 2. c4 e6 3. Nf3 Bb4+ 4. Bd2 a5 5. a3 Be7 6. Nc3 d5 7. Qc2 O-O 8. e4 c5 9. e5 cxd4 10. exf6 Bxf6 11. Nb5 Nc6 12. Bd3 dxc4 13. Bxc4 e5 14. O-O Bg4 15. Rfe1 Qd7 16. Bd3 g6 17. Be4 Rac8 18. Qd3 Bg7 19. h3 Be6 20. Ng5 f5 21. Nxe6 Qxe6 22. Bf3 e4 23. Bd1 Qd7 24. Qb3+ Kh8 25. Bf4 d3 26. Rb1 h6 27. h4 Rcd8 28. Nd6 g5 29. hxg5 hxg5 30. Bh2 Be5 31. Bxe5+ Nxe5 32. Nc4 Nc6 33. Qc3+ Qg7 34. Ba4 Nd4 35. Qxa5 g4 36. Ne3 Rd6 37. Qb4 Rh6 38. Nf1 Nf3+ 39. gxf3 gxf3+ 40. Ng3 Rg8 41. Qc3 Rf6 42. Qe5 f4 43. Rxe4 1-0


[Site "https://www.chess.com"]

[Event "Titled Tuesday Blitz January 31 Late 2023"]
[White "Bok, Benjamin"]
[Black "Fiorito, Francisco"]
[WhiteFideId "1017063"]
[BlackFideId "180165"]
[WhiteElo "2607"]
[BlackElo "2305"]
[Result "1-0"]
[Round "03"]
[TimeControl "180+2"]
[Date "2023.01.31"]
[WhiteClock "0:00:12"]
[BlackClock "0:00:02"]

1. d4 Nf6 2. c4 b6 3. Nc3 Bb7 4. Qc2 d5 5. cxd5 Nxd5 6. e4 Nxc3 7. bxc3 e6 8. Nf3 c5 9. Bb5+ Bc6 10. Bd3 Be7 11. O-O O-O 12. Rd1 cxd4 13. cxd4 Bb7 14. d5 exd5 15. exd5 h6 16. d6 Bf6 17. Bh7+ Kh8 18. Be4 Bxe4 19. Qxe4 Nd7 20. Rb1 Nc5 21. Qg4 Re8 22. Be3 Qd7 23. Qxd7 Nxd7 24. Rbc1 Red8 25. Rc7 Ne5 26. Bf4 Nd7 27. Re1 Kg8 28. g4 Nc5 29. Bg3 Rd7 30. h4 Rad8 31. g5 hxg5 32. hxg5 Bc3 33. Re7 Bb4 34. Rxa7 Rxa7 35. Rxa7 Ne4 36. d7 Bf8 37. Ne5 Nc5 38. f3 Be7 39. Bf2 Bd6 40. Bxc5 Bxc5+ 41. Kg2 1-0


[Site "https://www.chess.com"]

[Event "Titled Tuesday Blitz January 31 Late 2023"]
[White "Terry, Renato"]
[Black "Krishnan, Varun"]
[WhiteFideId "3803457"]
[BlackFideId "5054508"]
[WhiteElo "2520"]
[BlackElo "2341"]
[Result "1-0"]
[Round "03"]
[TimeControl "180+2"]
[Date "2023.01.31"]
[WhiteClock "0:00:59"]
[BlackClock "0:00:01"]

1. e4 c5 2. Nf3 d6 3. Bb5+ Nd7 4. d4 cxd4 5. Qxd4 a6 6. Bxd7+ Bxd7 7. Bg5 h6 8. Bh4 Nf6 9. Nc3 e5 10. Qd3 Bc6 11. a4 Qb6 12. O-O Qb4 13. Bxf6 gxf6 14. Nh4 O-O-O 15. Nf5 Rg8 16. Ne3 f5 17. Nxf5 Rg4 18. f3 Rg6 19. Nd5 Qc5+ 20. Kh1 Bxd5 21. exd5 h5 22. Ra3 Kb8 23. Rc3 Qb4 24. b3 Qf4 25. g3 Qg5 26. Rc4 Rf6 27. g4 hxg4 28. fxg4 Bg7 29. Rb4 Ka8 30. Qc4 Rh8 31. Qc7 Rxh2+ 32. Kg1 Rg2+ 33. Kxg2 Qd2+ 34. Rf2 Qxb4 35. Qc4 Qxc4 36. bxc4 Rg6 37. Kh3 Ka7 38. Ne7 Rf6 39. Rxf6 Bxf6 40. Nf5 Kb6 41. Nxd6 Ka5 42. Nxb7+ Kxa4 43. c5 e4 44. c6 e3 45. Kg2 Be5 46. d6 Kb5 47. c7 Bxd6 48. c8=Q 1-0


[Site "https://www.chess.com"]

[Event "Titled Tuesday Blitz January 31 Late 2023"]
[White "Marczuk, Dominik"]
[Black "Dardha, Daniel"]
[WhiteFideId "1111264"]
[BlackFideId "240990"]
[WhiteElo "2253"]
[BlackElo "2631"]
[Result "0-1"]
[Round "03"]
[TimeControl "180+2"]
[Date "2023.01.31"]
[WhiteClock "0:00:04"]
[BlackClock "0:01:19"]

1. e4 c6 2. d4 d5 3. f3 e6 4. Be3 Qb6 5. b3 Nf6 6. e5 Nfd7 7. f4 c5 8. c3 Nc6 9. Nf3 cxd4 10. cxd4 Bb4+ 11. Nbd2 O-O 12. Bd3 f6 13. Qc2 fxe5 14. fxe5 Ndxe5 15. Bxh7+ Kh8 16. O-O Bd7 17. Nxe5 Nxe5 18. Rfe1 Ng4 19. Qg6 Bxd2 20. Qh5 Nf6 21. Qh3 Bxe3+ 22. Rxe3 Nxh7 23. Rd1 Rf6 24. Re5 Raf8 25. Rh5 Qxd4+ 26. Rxd4 Rf1# 0-1


[Site "https://www.chess.com"]

[Event "Titled Tuesday Blitz January 31 Late 2023"]
[White "Ozates, Tuna"]
[Black "Licznerski, Lukasz"]
[WhiteFideId "6354521"]
[BlackFideId "1179250"]
[WhiteElo "2251"]
[BlackElo "2460"]
[Result "1-0"]
[Round "03"]
[TimeControl "180+2"]
[Date "2023.01.31"]
[WhiteClock "0:00:31"]
[BlackClock "0:00:25"]

1. e4 c6 2. d4 d5 3. exd5 cxd5 4. c4 Nf6 5. Nc3 g6 6. Qb3 Bg7 7. cxd5 O-O 8. g3 e6 9. Bg2 exd5 10. Nge2 Nc6 11. O-O Na5 12. Qd1 h6 13. Nf4 Bg4 14. Qa4 Bd7 15. Qd1 Bc6 16. Re1 Rc8 17. b3 Re8 18. Rxe8+ Qxe8 19. Ba3 Ne4 20. Ncxd5 Kh7 21. Ne7 Rd8 22. Bxe4 Bxe4 23. Qe1 Nc6 24. Qxe4 Rxd4 25. Qe3 Nxe7 26. Re1 1-0


[Site "https://www.chess.com"]

[Event "Titled Tuesday Blitz January 31 Late 2023"]
[White "Tari, Aryan"]
[Black "Defend, Balint"]
[WhiteFideId "1510045"]
[BlackFideId "17004853"]
[WhiteElo "2642"]
[BlackElo "1673"]
[Result "1-0"]
[Round "03"]
[TimeControl "180+2"]
[Date "2023.01.31"]
[WhiteClock "0:01:21"]
[BlackClock "0:00:11"]

1. d4 Nf6 2. Nf3 e6 3. Bg5 d5 4. Nbd2 Nbd7 5. e3 h6 6. Bh4 Bd6 7. Bd3 c5 8. c3 Qc7 9. Qe2 b6 10. e4 dxe4 11. Nxe4 Be7 12. Bg3 Qd8 13. Nd6+ Kf8 14. Bc4 g6 15. Nxf7 Kxf7 16. Qxe6+ Kg7 17. Qf7# 1-0


[Site "https://www.chess.com"]

[Event "Titled Tuesday Blitz January 31 Late 2023"]
[White "Ibadov, Dashgyn"]
[Black "Svane, Frederik"]
[WhiteFideId "24107514"]
[BlackFideId "12923044"]
[WhiteElo "2391"]
[BlackElo "2600"]
[Result "0-1"]
[Round "03"]
[TimeControl "180+2"]
[Date "2023.01.31"]
[WhiteClock "0:00:01"]
[BlackClock "0:00:20"]

1. e4 d5 2. exd5 Qxd5 3. Nc3 Qa5 4. d4 c6 5. Nf3 Nf6 6. Bc4 Bf5 7. Ne5 e6 8. g4 Be4 9. f3 Bd5 10. Bd3 Bb4 11. Bd2 Qb6 12. Nxd5 Nxd5 13. c3 Be7 14. Qc2 Bh4+ 15. Kf1 Qd8 16. Bxh7 Nd7 17. Nxd7 Qxd7 18. Be4 O-O-O 19. Kg2 g6 20. c4 Ne7 21. Be3 f5 22. Bd3 Bf6 23. Rad1 Qc7 24. Be2 g5 25. h3 Ng6 26. gxf5 Nh4+ 27. Kf2 Nxf5 28. Qe4 Rde8 29. d5 Rh4 30. Qd3 Qg3+ 31. Kf1 Rxh3 32. Rg1 Qe5 33. Bf2 exd5 34. cxd5 cxd5 35. Rc1+ Kb8 0-1


[Site "https://www.chess.com"]

[Event "Titled Tuesday Blitz January 31 Late 2023"]
[White "Pakleza, Zbigniew"]
[Black "Sohal, Tanraj"]
[WhiteFideId "1119290"]
[BlackFideId "2608499"]
[WhiteElo "2494"]
[BlackElo "2234"]
[Result "1-0"]
[Round "03"]
[TimeControl "180+2"]
[Date "2023.01.31"]
[WhiteClock "0:00:44"]
[BlackClock "0:01:39"]

1. d4 d5 2. Bf4 Nf6 3. e3 c5 4. c3 Nc6 5. Nd2 Bf5 6. Ngf3 e6 7. Qb3 Qb6 8. Nh4 Bg4 9. h3 Bh5 10. g4 Bg6 11. Nxg6 hxg6 12. Bg2 c4 13. Qxb6 axb6 14. a3 b5 15. O-O Kd7 16. g5 Nh5 17. Bh2 Bd6 18. f4 f5 19. gxf6 gxf6 20. e4 Ne7 21. f5 Bxh2+ 22. Kxh2 gxf5 23. exd5 e5 24. dxe5 fxe5 25. Nf3 e4 26. Ne5+ Kd6 27. Nf7+ Kxd5 28. Rad1+ Ke6 29. Ng5+ Ke5 30. Bxe4 fxe4 31. Nf7+ Ke6 32. Rd6# 1-0


[Site "https://www.chess.com"]

[Event "Titled Tuesday Blitz January 31 Late 2023"]
[White "Zochowski, Kacper"]
[Black "Galchenko, Matvey"]
[WhiteFideId "1125494"]
[BlackFideId "24175480"]
[WhiteElo "2262"]
[BlackElo "2438"]
[Result "0-1"]
[Round "03"]
[TimeControl "180+2"]
[Date "2023.01.31"]
[WhiteClock "0:01:00"]
[BlackClock "0:00:40"]

1. c4 e6 2. g3 d5 3. Bg2 Nf6 4. Nf3 dxc4 5. Qa4+ Nbd7 6. O-O a6 7. Qxc4 b5 8. Qb3 Bb7 9. a4 Nc5 10. Qc2 Nxa4 11. Ne5 Bxg2 12. Kxg2 Qd5+ 13. Nf3 c5 14. b3 Nb6 15. Nc3 Qb7 16. Bb2 Be7 17. Kg1 O-O 18. Ne5 Rfd8 19. d3 h6 20. Ne4 Rac8 21. Nxf6+ Bxf6 22. Rfc1 Nd5 23. Nf3 Nb4 24. Qb1 Bxb2 25. Qxb2 Nxd3 26. exd3 Qxf3 27. Rxa6 Rxd3 28. b4 Rcd8 29. Raa1 c4 30. Qe5 R3d5 31. Qc7 Rd2 32. Qb6 c3 33. Qe3 Qxe3 34. fxe3 c2 35. h4 Re2 36. Kf1 Rdd2 37. Ra8+ Kh7 38. Rc8 Rh2 39. Ke1 Rdg2 40. Kf1 Rxg3 41. R1xc2 Rxh4 42. Rf8 Rxb4 43. Rxf7 Re4 44. Rcc7 Rexe3 45. Kf2 Ra3 46. Rb7 Rg5 47. Rfe7 Ra2+ 48. Kf3 Ra3+ 49. Kf4 Ra4+ 50. Kf3 Ra6 51. Kf4 Rc6 52. Kf3 h5 53. Rb8 Rg4 54. Ree8 b4 55. Rh8+ Kg6 56. Rb5 Rc3+ 57. Kf2 h4 58. Rb6 Re4 59. Re8 h3 60. Rexe6+ Rxe6 61. Rxe6+ Kf5 62. Rb6 b3 63. Kg1 Ke4 64. Rg6 b2 65. Rb6 Rc1+ 66. Kh2 b1=Q 67. Rg6 Rh1+ 68. Kg3 Rg1+ 69. Kh4 Rxg6 70. Kh5 Qg1 71. Kh4 Qg4# 0-1


[Site "https://www.chess.com"]

[Event "Titled Tuesday Blitz January 31 Late 2023"]
[White "Jimenez Almeida, Luis David"]
[Black "Boros, Denes"]
[WhiteFideId "22242244"]
[BlackFideId "722340"]
[WhiteElo "2242"]
[BlackElo "2406"]
[Result "0-1"]
[Round "03"]
[TimeControl "180+2"]
[Date "2023.01.31"]
[WhiteClock "0:02:06"]
[BlackClock "0:01:51"]

1. e4 g6 2. h4 d5 3. exd5 Qxd5 4. Nc3 Qd6 5. h5 Bg7 6. Bc4 Nc6 7. d3 Nd4 8. h6 Be5 9. Be3 Nf6 10. f3 Bg3+ 11. Kf1 Nf5 12. Bd2 Qb6 13. Nh3 Be5 14. Qe1 Ng3+ 0-1


[Site "https://www.chess.com"]